 Dungeon Crawl Stone Soup version 0.26-a0-1139-g7d2dc893a1 (webtiles) character file.

Game seed: 1850034476327166510

239 sahdkjhfkaj the Ruffian (level 5, -1/54 HPs)
             Began as a Troll Berserker on Dec 21, 2020.
             Was a Believer of Trog.
             Slain by a goblin
             ... wielding a +0 club
             ... led by Robin
              (6 damage)
             ... on level 4 of the Dungeon.
             The game lasted 00:01:06 (692 turns).

sahdkjhfkaj the Ruffian (Troll Berserker)            Turns: 692, Time: 00:01:06

Health: -1/54      AC:  6    Str: 26    XL:     5   Next: 79%
Magic:  4/4        EV: 10    Int:  3    God:    Trog [**....]
Gold:   84         SH:  0    Dex:  9    Spells: 4/4 levels left

rFire    . . .     SeeInvis .     - Unarmed
rCold    . . .     Faith    .   (no shield)
rNeg     . . .     Spirit   .   a - +0 animal skin
rPois    .         Reflect  .   (helmet restricted)
rElec    .         Harm     .   (no cloak)
rCorr    .         Rampage  .   (gloves unavailable)
Will     .....                  (boots unavailable)
Stlth    +.........             (no amulet)
HPRegen  0.58/turn              (no ring)
MPRegen  0.09/turn              (no ring)

@: berserk cooldown, slowed, very slow
A: large, unfitting armour, claws 3, regeneration 1, shaggy fur 1, tough skin 3
a: Renounce Religion, Berserk, Trog's Hand


You were on level 4 of the Dungeon.
You worshipped Trog.
Trog was pleased with you.
You visited 1 branch of the dungeon, and saw 4 of its levels.

You collected 84 gold pieces.

Inventory:

Armour
 a - a +0 animal skin (worn)
Jewellery
 h - an uncursed amulet of guardian spirit {unknown}
Scrolls
 b - a scroll of identify {unknown}
 c - 2 scrolls of fear {unknown}
 f - a scroll of noise {unknown}
 g - a scroll of teleportation {unknown}
 i - a scroll of magic mapping {unknown}
 j - a scroll of immolation {unknown}
Potions
 d - a potion of cancellation {unknown}
 e - 3 potions of brilliance {unknown}


   Skills:
 + Level 4.2 Fighting
 - Level 2.4 Dodging
 + Level 5.1 Unarmed Combat


You had 4 spell levels left.
You didn't know any spells.
Your spell library was empty.

Dungeon Overview and Level Annotations

Branches:
Dungeon (4/15)
 Temple: D:4-7

Altars:

Annotations:
D:4 Robin


Innate Abilities, Weirdness & Mutations

You are too large for most types of armour.
You have claws for hands.
Your natural rate of healing is unusually fast.
You are covered in fur. (AC +1)
You have extremely tough skin. (AC +3)


Message History

Unknown command.
You closely miss the orc.
The orc is heavily wounded.
The gnoll closely misses you. The goblin hits you.
The goblin hits you but does no damage. x3
The gnoll hits you but does no damage. The orc barely misses you.
The goblin closely misses you.
Unknown command.
You barely miss the orc.
The orc is heavily wounded.
The goblin no longer looks unusually strong.
The goblin hits you with a +0 club.
* * * LOW HITPOINT WARNING * * *
Robin roars a battlecry!
The goblin goes into a battle-frenzy!
The goblin hits you but does no damage. x2; The gnoll misses you.
The orc hits you with a +0 flail!
* * * LOW HITPOINT WARNING * * *
The goblin completely misses you. The goblin hits you with a +0 club.
You die...

#.... .... ...
#..### #.#.>..
#.....# #.#
##g###.###
##g@g......
##ggo#g.....
#gogg...####
#gg#....#
#.o#....#
###..#....#
#....#....#
#####.##.#....#
#.....ggg#....#


You could see Robin, a gnoll, 3 orcs, 2 hobgoblins and 7 goblins.

Vanquished Creatures
  4 orc priests (D:3)
  An orc wizard (D:3)
  3 gnolls (D:4)
  2 adders
  An ooze (D:1)
  2 leopard geckos (D:1)
  5 orcs (D:3)
  5 bats
  2 giant cockroaches
  8 goblins
  4 hobgoblins
  4 rats
41 creatures vanquished.

Notes
Turn   | Place    | Note
-------+----------+-------------------------------------------
     0 | D:1      | sahdkjhfkaj the Troll Berserker began the quest for the
                  | Orb.
     0 | D:1      | Reached XP level 1. HP: 22/22 MP: 0/0
    92 | D:1      | Reached XP level 2. HP: 29/29 MP: 1/1
   324 | D:2      | Reached XP level 3. HP: 37/37 MP: 2/2
   380 | D:3      | Reached skill level 4 in Unarmed Combat
   380 | D:3      | Reached XP level 4. HP: 35/45 MP: 3/3
   389 | D:3      | Reached ** piety under Trog
   577 | D:3      | Reached XP level 5. HP: 54/54 MP: 4/4
   659 | D:4      | Noticed Robin
   677 | D:4      | Reached skill level 5 in Unarmed Combat
   692 | D:4      | Slain by a goblin

Illustrated notes

Levels and vault maps discovered:
D:1:      dpeg_arrival_solitude, layout_basic, minivault_23, nrook_campfire,
          minmay_pentomino_z4
D:2:      layout_basic, yredelemnul_altar_generic
D:3:      layout_basic
D:4:      layout_basic, uniq_ijyb, uniq_crazy_yiuf_cottage, uniq_robin

Skill      XL: |  1  2  3  4  5 |
---------------+----------------+-----
Fighting       | 3 4 |  4.2
Unarmed Combat | 4 5 |  5.1
Dodging        | |  2.4

Action                   |  1- 3 |  4- 6 || total
-------------------------+-------+-------++-------
Melee: Unarmed           |    59 |    47 ||   106
Invok: Berserk           |       |     3 ||     3
 Stab: Sleeping          |     1 |       ||     1
Armor: Animal skin       |    18 |    32 ||    50
Dodge: Dodged            |    22 |    46 ||    68

Table legend: (Time is in decaauts)
 A = Elapsed time spent in this place.
 B = Non-inter-level travel time spent in this place.
 C = Inter-level travel time spent in this place.
 D = Time resting spent in this place.
 E = Time spent auto-exploring this place.
 F = Levels seen in this place.
 G = Mean time per level.
                   A        B        C        D        E       F      G
               +--------+--------+--------+--------+--------+-----+--------+
         Total |    696 |    640 |     56 |     41 |    405 |   4 |  174.0 |
       Dungeon |    696 |    640 |     56 |     41 |    405 |   4 |  174.0 |
               +--------+--------+--------+--------+--------+-----+--------+

Top non-repeatable levels by time:
     D:3: 302 daAuts
     D:1: 295 daAuts
     D:2: 71 daAuts
     D:4: 27 daAuts
